 Dungeon Crawl Stone Soup version 0.30.0-15-g856e2d3f33 (webtiles) character file.

Game seed: 5547746607162000976

4 browni3141 the Caller (level 1, -2/15 HPs)
             Began as a Mummy Summoner on May 19, 2023.
             Slain by a kobold
             ... wielding a +2 whip of electrocution
              (15 damage)
             ... on level 1 of the Dungeon.
             The game lasted 00:01:41 (172 turns).

browni3141 the Caller (Mummy Summoner)               Turns: 172, Time: 00:01:41

Health: -2/15      AC:  3    Str: 11    XL:     1   Next: 50%
Magic:  4/4        EV: 12    Int: 14    God:
Gold:   0          SH:  0    Dex: 12    Spells: 4/5 levels left

rFire   x . .        e - +0 dagger (venom)
rCold   + . .        (no shield)
rNeg    + + +        a - +0 robe
rPois   ∞            (no helmet)
rElec   .            f - +0 cloak
rCorr   .            (no gloves)
SInv    .            (no boots)
Will    .....        d - amulet of regeneration
Stlth   ++           (no ring)
HPRegen 1.02/turn    (no ring)
MPRegen 0.09/turn

%: faith
@: no status effects
A: cold resistance 1, negative energy resistance 3, torment resistance 2, heat
vulnerability 1, no potions, faith
a: no special abilities


You were on level 1 of the Dungeon.
You visited 1 branch of the dungeon, and saw 1 of its levels.

Inventory:

Hand Weapons
 b - a +0 short sword
 e - a +0 dagger of venom (weapon)
Armour
 a - a +0 robe (worn)
 f - a +0 cloak (worn)
Jewellery
 c - an amulet of reflection
 d - an amulet of regeneration (around neck)


   Skills:
 - Level 1.0 Fighting
 - Level 1.5 Dodging
 - Level 1.5 Stealth
 + Level 2.7 Spellcasting
 * Level 3.2 Summonings


You had 4 spell levels left.
You knew the following spells:

 Your Spells              Type           Power      Damage    Failure   Level
z - Summon Small Mammal   Summ           44%        N/A       6%          1

Your spell library contained the following spells:

 Spells                   Type           Power      Damage    Failure   Level
 Call Imp                 Summ           22%        N/A       9%          2
 Call Canine Familiar     Summ           11%        N/A       17%         3
 Summon Guardian Golem    Hex/Summ       6%         N/A       34%         3
 Summon Lightning Spire   Summ/Air       6%         N/A       75%         4


Dungeon Overview and Level Annotations

Branches:
Dungeon (1/15)

Altars:

Shops:
D:1 [(


Innate Abilities, Weirdness & Mutations

You are immune to poison.
Your flesh is cold resistant. (rC+)
You are immune to negative energy. (rN+++)
You are immune to unholy pain and torment.
You are vulnerable to heat. (rF-)
You do not drink.
You have a special connection with the divine. (Faith)


Message History

Your magical contamination has completely faded away.
You closely miss the kobold.
The kobold is moderately wounded.
Your bat barely misses the kobold.
Your bat completely misses the kobold.
The kobold hits you with a +0 short sword.
Your bat completely misses the kobold.
You completely miss the kobold.
The kobold is moderately wounded.
Your bat barely misses the kobold. x2; The kobold hits you but does no damage.
You closely miss the kobold.
The kobold is moderately wounded.
Your bat misses the kobold.
Your bat closely misses the kobold.
Your bat misses the kobold.
Your bat closely misses the kobold.
The kobold hits you but does no damage.
Your bat hits the kobold. You hit the kobold but do no damage.
The kobold is heavily wounded.
Your bat hits the kobold but does no damage.
Your bat closely misses the kobold.
Your bat barely misses the kobold.
The kobold barely misses you.
Your bat hits the kobold but does no damage.
You barely miss the kobold.
The kobold is heavily wounded.
Your bat hits the kobold but does no damage.
Your bat closely misses the kobold.
Your bat hits the kobold but does no damage.
The kobold hits you but does no damage.
Your bat completely misses the kobold.
Your bat closely misses the kobold.
You hit the kobold.
The kobold is severely wounded.
Your bat hits the kobold.
The kobold dies!
Things that are here:
a +0 short sword; a kobold corpse
b - a +0 short sword (weapon)
Your bat disappears in a puff of smoke!
HP restored.
Your bat disappears in a puff of smoke!
Magic restored.
Found Ynniq's Armour Emporium.
A bat comes into view.
The bat hits you.
You hit the bat.
You kill the bat!
A ball python comes into view.
The helpless ball python fails to defend itself.
You hit the ball python.
You kill the ball python!
There is an entrance to Ynniq's Armour Emporium here.
Found Uliz's Weapon Shoppe.
c - an amulet of reflection
Okay, then.
You start putting on your amulet.
You continue putting on your amulet of reflection. x5
You finish putting on your amulet of reflection.
You feel a shielding aura gather around you.
c - an amulet of reflection (around neck)
There is an entrance to Uliz's Weapon Shoppe here.
You can access your shopping list by pressing '$'.
d - an amulet of regeneration You start removing your amulet.
You continue taking off your amulet of reflection. x4
You finish taking off your amulet of reflection.
You start putting on your amulet.
You continue putting on your amulet of regeneration. x5
You finish putting on your amulet of regeneration.
The amulet throbs as it attunes itself to your uninjured body.
d - an amulet of regeneration (around neck)
A goblin comes into view. It is wielding a +0 dagger of venom.
The goblin misses you.
You closely miss the goblin.
The goblin hits you with a +0 dagger of venom.
You hit the goblin.
You kill the goblin!
Training target 1.0 for Fighting reached!
Your Fighting skill increases to level 1!
You need to enable at least one skill for training.
You see here a +0 dagger of venom.
Your +0 dagger of venom begins to drip with poison!
e - a +0 dagger of venom (weapon)
You swap places.
Found a stone staircase leading down.
f - a +0 cloak You start putting on your armour.
You continue putting on your +0 cloak. x4
You finish putting on your +0 cloak.
A kobold comes into view.
It is wielding a +2 whip of electrocution.
A bat comes into view.
You swap places.
Your quokka misses the kobold.
The kobold hits your quokka with a +2 whip of electrocution!
Lightning courses through your quokka!
Your quokka dies!
Your quokka's corpse disappears in a puff of smoke!
The bat closely misses you. The bat attacks as you move away!
The bat closely misses you. The bat hits you but does no damage.
The bat hits you but does no damage. The kobold attacks as you move away!
The kobold hits you with a +2 whip of electrocution.
You are electrocuted!
Ouch! That really hurt!
You die...

....
#..#............#
.....
##..#.############
...... ...#.#
...... #######.#.#
...... .........>#
##### ######.#.#
####### #.#.#
......# #.#.#
......# #.#@#
#'##..# #.K.#
...#..# ###.b##
...+..# #)..##
...#..#
#...........
...#..#
#............
...#..#
#.#..........
...#...
#.#.......... ...#
# #..........


You could see a bat and a kobold.

Vanquished Creatures
  A goblin (D:1)
  A ball python (D:1)
  A bat (D:1)
3 creatures vanquished.

Vanquished Creatures (collateral kills)
  A kobold (D:1)
1 creature vanquished.

Grand Total: 4 creatures vanquished

Notes
Turn   | Place    | Note
-------+----------+-------------------------------------------
     0 | D:1      | browni3141 the Mummy Summoner began the quest for the Orb.
     0 | D:1      | Reached XP level 1. HP: 13/13 MP: 4/4
    71 | D:1      | Found Ynniq's Armour Emporium.
    93 | D:1      | Found Uliz's Weapon Shoppe.
   172 | D:1      | Slain by a kobold

Illustrated notes

Levels and vault maps discovered:
D:1:      lemuel_arrival_room, layout_basic, serial_shops,
          nicolae_shop_tiny_real_fake_doors, shop, shop, nicolae_square_shop,
          chequers_mini_garden, lemuel_flame_loot_1

Skill      XL: |  1 |
---------------+----+-----
Fighting       | 1 |  1.0
Dodging        | |  1.5
Stealth        | |  1.5
Spellcasting   | |  2.7
Summonings     | |  3.2

Action                     || total
---------------------------++-------
  Melee: Unarmed           ||     8
         Short sword       ||     4
   Cast: Summon Small Mamm ||     5
   Stab: Sleeping          ||     1
 Armour: Robe              ||     5
  Dodge: Dodged            ||     5
